 Dungeon Crawl Stone Soup version 0.26.0-45-g9c1d065592 (webtiles) character file.

Game seed: 13560351461412122079

497 sahdkjhfkaj the Skirmisher (level 7, 60/60 HPs)
             Began as a Hill Orc Artificer on Jan 27, 2021.
             Was an Initiate of Okawaru.
             Quit the game on level 4 of the Dungeon.
             The game lasted 00:05:23 (5044 turns).

sahdkjhfkaj the Skirmisher (Hill Orc Artificer)     Turns: 5044, Time: 00:05:24

Health: 60/60      AC:  9    Str: 17    XL:     7   Next: 15%
Magic:  0/7        EV:  7    Int: 11    God:    Okawaru [......]
Gold:   248        SH:  0    Dex: 11    Spells: 6/6 levels left

rFire    . . .     SeeInvis .   a - +0 hand axe
rCold    + . .     Faith    .   (no shield)
rNeg     . . .     Spirit   .   i - +0 chain mail
rPois    .         Reflect  .   (no helmet)
rElec    .         Harm     .   (no cloak)
rCorr    .         Rampage  .   (no gloves)
Will     .....                  (no boots)
Stlth    ..........             (no amulet)
HPRegen  0.20/turn              f - ring of protection from cold
MPRegen  0.10/turn              (no ring)

@: no status effects
A: blurry vision 1, MP-powered wands
a: Renounce Religion


You were on level 4 of the Dungeon.
You worshipped Okawaru.
Okawaru was noncommittal.
You visited 1 branch of the dungeon, and saw 4 of its levels.

You collected 248 gold pieces.

Inventory:

Hand Weapons
 a - a +0 hand axe (weapon)
Armour
 i - a +0 chain mail (worn)
Jewellery
 f - a ring of protection from cold (left hand)
Wands
 c - a wand of flame (15) (quivered)
 d - a wand of enslavement (13)
 e - a wand of random effects (3)
 v - a wand of iceblast (5)
Scrolls
 b - a scroll of amnesia {unknown}
 g - 3 scrolls of teleportation {!r}
 h - 2 scrolls of enchant armour
 k - a scroll of enchant weapon {unknown}
 l - 3 scrolls of remove curse
 m - a scroll of magic mapping {unknown}
 n - a scroll of blinking {unknown}
 o - a scroll of fog
 r - a scroll of fear {unknown}
 s - a scroll of immolation {unknown}
Potions
 j - a potion of might
 p - a potion of magic
 q - a potion of invisibility {unknown}
 t - 3 potions of curing
 u - a potion of degeneration {unknown}


   Skills:
 + Level 4.5 Fighting
 - Level 4.0(4.2) Axes
 - Level 1.7(2.7) Maces & Flails
 - Level 4.0 Armour
 - Level 0.7 Dodging
 - Level 0.7 Stealth
 - Level 4.0 Shields
 - Level 3.0 Evocations


You had 6 spell levels left.
You didn't know any spells.
Your spell library was empty.

Dungeon Overview and Level Annotations

Branches:
Dungeon (4/15)
 Temple: D:4-7

Altars:
Okawaru
Vehumet
Zin


Innate Abilities, Weirdness & Mutations

Scrolls take you a little longer to read.
You expend magic power (3 MP) to strengthen your wands.


Message History

Grinder gestures at you. You resist with significant effort.
Unknown command.
Unknown command.
Unknown command.
Evoke which item? (* to show all) (? for menu, Esc to quit)
Aiming: Iceblast
Press: ? - help, Shift-Dir - straight line, f/p - Grinder
Aim: Grinder (severely wounded)
The mass of ice explodes!
The iceblast engulfs Grinder!
Grinder partially resists.
You kill Grinder!
Okawaru is honoured by your kill.
Okawaru seems mollified.
Training target 4.0 for Armour reached!
Your Armour skill gained 2 levels and is now at level 4!
You need to enable at least one skill for training.
Your base Maces & Flails skill increases to level 1!
You have reached level 7!
Are you sure you want to abandon this character and quit the game? (Confirm with "yes".)

..............#
..............#
..............####
..............#..
..............#.#
..............#.####...
..............'.....>...
########.....(#.####...#
.............#.@......#
############.#.........
........#$....!.#.
#########.......#
#...o...# #.......#
#.......+ #.......#


You could see an orc.

Vanquished Creatures
  Grinder (D:4)
  An ogre (D:4)
  A worker ant (D:4)
  Natasha (twice) (D:2)
  Robin (D:1)
  3 adders
  2 oozes
  A worm (D:3)
  2 dart slugs
  A leopard gecko (D:2)
  2 orcs
  6 ball pythons (D:3)
  2 giant cockroaches
  13 goblins
  10 hobgoblins
  A quokka (D:2)
  8 bats
  9 frilled lizards
  7 kobolds
  6 rats
79 creatures vanquished.

Vanquished Creatures (others)
  An orc (D:4)
  2 plants (D:3)
3 creatures vanquished.

Grand Total: 82 creatures vanquished

Notes
Turn   | Place    | Note
-------+----------+-------------------------------------------
     0 | D:1      | sahdkjhfkaj the Hill Orc Artificer began the quest for the
                  | Orb.
     0 | D:1      | Reached XP level 1. HP: 16/16 MP: 1/1
    30 | D:1      | Reached skill level 1 in Axes
   590 | D:1      | Reached XP level 2. HP: 15/23 MP: 2/2
  1737 | D:2      | Found an iron altar of Okawaru.
  1782 | D:2      | Reached XP level 3. HP: 19/28 MP: 3/3
  1895 | D:2      | Became a worshipper of Warmaster Okawaru
  2012 | D:2      | Noticed Robin
  2035 | D:2      | Gained mutation: Scrolls take you a little longer to read.
                  | [potion of mutation]
  2035 | D:2      | Gained mutation: You expend magic power (3 MP) to
                  | strengthen your wands. [potion of mutation]
  2245 | D:1      | Killed Robin
  2619 | D:2      | Found a glowing silver altar of Zin.
  2620 | D:2      | Noticed an angel
  2694 | D:2      | Reached XP level 4. HP: 27/37 MP: 4/4
  2858 | D:2      | Noticed Natasha
  2867 | D:2      | Killed Natasha
  2957 | D:2      | Noticed Natasha
  2972 | D:2      | Killed Natasha
  2973 | D:2      | Reached XP level 5. HP: 30/46 MP: 5/5
  3353 | D:3      | Reached skill level 1 in Shields
  4648 | D:4      | Found a radiant altar of Vehumet.
  4699 | D:4      | Noticed an ogre
  4732 | D:4      | Was placed under penance by Okawaru
  4761 | D:4      | Killed an ogre
  4762 | D:4      | Reached XP level 6. HP: 11/52 MP: 0/6
  5038 | D:4      | Noticed Grinder
  5043 | D:4      | Killed Grinder
  5043 | D:4      | Was forgiven by Okawaru
  5044 | D:4      | Reached skill level 1 in Maces & Flails
  5044 | D:4      | Reached XP level 7. HP: 60/60 MP: 0/7
  5044 | D:4      | Quit the game

Illustrated notes

Levels and vault maps discovered:
D:1:      ncdulo_wetmaze, layout_loops_ring
D:2:      layout_rooms, zin_angel, okawaru_gym_becter, uniq_robin, uniq_natasha
D:3:      layout_basic, minmay_shallow_snake_nest
D:4:      layout_basic, vehumet_crystals, gup_sewer_entry_bowl, uniq_grinder

Skill      XL: |  1  2  3  4  5  6 |
---------------+-------------------+-----
Axes           | 2 3 4 |  4.0
Fighting       | 2 4 |  4.5
Shields        | 4 |  4.0
Armour         | 4 |  4.0
Maces & Flails | 1 |  1.7
Dodging        | |  0.7
Stealth        | |  0.7
Evocations     | |  3.0

Action                   |  1- 3 |  4- 6 |  7- 9 || total
-------------------------+-------+-------+-------++-------
Melee: Club              |    20 |       |       ||    20
       Dagger            |   225 |       |       ||   225
       Hand axe          |    13 |   155 |       ||   168
Evoke: Wand              |       |    18 |       ||    18
  Use: Scroll            |     3 |     3 |       ||     6
       Potion            |     2 |       |       ||     2
Armor: Leather armour    |    20 |       |       ||    20
       Scale mail        |    90 |       |       ||    90
       Chain mail        |    17 |   113 |       ||   130
Dodge: Dodged            |   143 |    48 |       ||   191
